 Dungeon Crawl Stone Soup version 0.31-a0-981-geadf994542 (webtiles) character file.

Game seed: 4316696054792546709

4995 night the Skirmisher (level 10, -8/71 HPs)
             Began as a Black Draconian Hexslinger on Oct 31, 2023.
             Was a Believer of Hepliaklqana.
             Mangled by a catoblepas (17 damage)
             ... on level 8 of the Dungeon.
             The game lasted 00:22:52 (7978 turns).

night the Skirmisher (Black Draconian Hexslinger)   Turns: 7978, Time: 00:22:53

Health: -8/71      AC: 13    Str: 10    XL:     10   Next: 29%
Magic:  16/20      EV: 12    Int: 13    God:    Hepliaklqana [**....]
Gold:   1437       SH:  0    Dex: 19    Spells: 10/22 levels left

rFire   . . .        J - +3 orcbow (flame)
rCold   . . .        (shield currently unavailable)
rNeg    . . .        (body armour unavailable)
rPois   .            (helmet restricted)
rElec   +            m - +0 cloak
rCorr   .            y - +0 pair of gloves
SInv    .            (no boots)
Will    .....        (no amulet)
Stlth   ++           j - +4 ring of protection
HPRegen 0.31/turn    (no ring)
MPRegen 0.17/turn

%: no passive effects
@: weak-willed, attractive, enlightened, flying
A: reduced essence, breathe lightning, AC +7, unfitting armour, electricity
resistance, cold-blooded
a: Breathe Lightning, Renounce Religion, Recall Ancestor, Ancestor Identity


You were on level 8 of the Dungeon.
You worshipped Hepliaklqana.
Hepliaklqana was pleased with you.
You visited 2 branches of the dungeon, and saw 9 of its levels.
You also visited: Ossuary.

You collected 1599 gold pieces.
You spent 162 gold pieces at shops.

Inventory:

Hand Weapons
 a - a +1 sling
 t - a +3 shortbow of freezing
 I - a +0 arbalest
 J - a +3 orcbow of flaming (weapon)
Missiles
 d - 75 stones
 q - 3 boomerangs
 s - 33 poisoned darts
Armour
 m - a +0 cloak (worn)
 y - a +0 pair of gloves (worn)
Jewellery
 e - a ring of ice
 j - a +4 ring of protection (left hand)
 G - a ring of wizardry
 H - a ring of ice
Wands
 E - a wand of paralysis (6)
 K - a wand of mindburst (18)
Scrolls
 b - 2 scrolls of poison
 c - 3 scrolls of brand weapon
 g - 2 scrolls of teleportation {unknown}
 h - a scroll of torment
 l - a scroll of silence
 n - a scroll of vulnerability
 p - 2 scrolls of immolation
 v - 4 scrolls of enchant weapon
 w - 3 scrolls of fog
 x - 3 scrolls of revelation
 F - a scroll of identify
Potions
 f - a potion of enlightenment
 i - a potion of ambrosia {unknown}
 k - 2 potions of berserk rage {unknown}
 o - 2 potions of attraction
 r - a potion of haste {unknown}
 u - 2 potions of heal wounds {unknown}
 z - 2 potions of might {unknown}
 A - a potion of curing
 B - 2 potions of invisibility {unknown}
 C - a potion of lignification {unknown}


   Skills:
 + Level 4.2 Fighting
 * Level 9.8 Ranged Weapons
 - Level 1.7 Dodging
 + Level 6.7 Spellcasting
 + Level 7.3 Hexes
 - Level 1.0 Fire Magic


You had 10 spell levels left.
You knew the following spells:

 Your Spells              Type           Power      Damage    Failure   Level
a - Jinxbite              Hex            46%        N/A       1%          2
b - Sigil of Binding      Hex            23%        N/A       2%          3
c - Confusing Touch       Hex            23%        N/A       2%          3
d - Cause Fear            Hex            11%        N/A       8%          4

Your spell library contained the following spells:

 Spells                   Type           Power      Damage    Failure   Level
 Slow                     Hex            92%        N/A       1%          1
 Inner Flame              Hex/Fire       15%        N/A       9%          3
 Foxfire                  Conj/Fire      20%        2x1d5     13%         1
 Apportation              Tloc           8%         N/A       16%         1
 Kiss of Death            Conj/Necr      16%        2d6       16%         1
 Necrotise                Necr           16%        1d4       16%         1
 Summon Small Mammal      Summ           16%        N/A       16%         1
 Scorch                   Fire           14%        2d5       16%         2
 Dimensional Bullseye     Hex/Tloc       6%         N/A       34%         4
 Fulminant Prism          Conj/Hex       6%         3d7       34%         4
 Volatile Blastmotes      Fire/Tloc      10%        2d10      36%         3
 Mephitic Cloud           Conj/Pois/Air  4%         N/A       43%         3
 Vampiric Draining        Necr           4%         2d6       43%         3
 Flame Wave               Conj/Fire      5%         2d5       77%         4
 Iskenderun's Mystic Bla  Conj/Tloc      4%         2d3       83%         4
 Fireball                 Conj/Fire      2%         3d4       98%         5
 Plasma Beam              Fire/Air       2%         2x1d12    100%        6
 Starburst                Conj/Fire      2%         6d3       100%        6
 Summon Cactus Giant      Summ           2%         N/A       100%        6
 Spellforged Servitor     Conj/Summ      2%         N/A       100%        7


Dungeon Overview and Level Annotations

Branches:
Dungeon (8/15)             Temple (1/1) D:5         Ossuary (visited)
   Lair: D:8-11

Altars:
Ashenzari
Cheibriados
Dithmenos
Elyvilon
Fedhas
Gozag
Hepliaklqana
Kikubaaqudgha
Makhleb
Nemelex Xobeh
Qazlal
Sif Muna
Trog
Uskayaw
Vehumet
Wu Jian
Xom
Yredelemnul
Zin
The Shining One

Shops:
D:2 (


Innate Abilities, Weirdness & Mutations

Your life essence is reduced to manifest your ancestor. (-10% HP)
You can breathe wild blasts of lightning.
Your glossy black scales are hard. (AC +7)
You cannot fit into any form of body armour.
You are resistant to electric shocks. (rElec)
You are cold-blooded and may be slowed by cold attacks.


Message History

The catoblepas gores you.
The queen bee stings you but does no damage.
The catoblepas gores you.
You turn to flesh and can move again.
Okay, then.
As you read the scroll of fear, it crumbles to dust.
You assume a fearsome visage.
The catoblepas resists with some effort.
The boulder beetle looks frightened!
The acid dragon looks frightened!
The queen bee looks frightened!
The boulder beetle leaps!
The catoblepas gores you!
* * * LOW HITPOINT WARNING * * *
It was a potion of attraction.
You feel attractive to monsters.
The boulder beetle leaps!
The catoblepas gores you!
* * * LOW HITPOINT WARNING * * *
The queen bee is attracted toward you.
It was a potion of enlightenment.
You feel very buoyant.
You fly up into the air.
The queen bee changes into a meliai!
The catoblepas gores you but does no damage.
The meliai is attracted toward you.
It was a potion of curing.
You feel better. The meliai hits you but does no damage.
The meliai stings you but does no damage.
The meliai hits you.
* * * LOW HITPOINT WARNING * * *
The meliai stings you but does no damage.
The catoblepas gores you but does no damage.
Okay, then.
Casting: Jinxbite (safe; 1% risk of failure)
Confirm with . or Enter, or press ? or * to list all spells.
Casting: Cause Fear (dangerous; 8% risk of failure)
Press: ? - help, Dir - look around, f - activate The catoblepas resists with almost no effort.
The meliai looks frightened!
The catoblepas closely misses you. The meliai is attracted toward you.
The catoblepas attacks as it pursues you!
The catoblepas gores you!
You die...

####.##.#
##..#R#.##
#.##%##.#
##.#^#..##
#.##.####
#.###
##†###
##..#####
##@Y..y#
###.o.#
.†#B#
..##./#
D.( .#
...# ..
#... .#
##.. ##


You could see a catoblepas, a boulder beetle, a meliai shaped shifter (fleeing)
and an orc priest.

Vanquished Creatures
  Pikel (D:6)
  Prince Ribbit (D:7)
  Sigmund (D:6)
  A wraith (D:8)
  5 yaks
  A steam dragon (D:6)
  A water moccasin (D:7)
  A sky beast (D:7)
  An orc warrior (D:6)
  2 ice beasts (D:6)
  3 black bears
  2 centaurs
  3 ogres
  3 phantoms
  2 lemures (D:6)
  A kobold brigand (D:7)
  Blork the orc (D:5)
  2 bullfrogs
  An elf zombie (Ossuary)
  3 scorpions
  A wight (D:8)
  A killer bee (D:8)
  2 howler monkeys (D:8)
  3 hounds
  3 orc priests
  4 jellies
  Crazy Yiuf (D:5)
  4 iguanas
  3 orc wizards
  3 hound zombies (Ossuary)
  4 mummies (Ossuary)
  6 adders
  6 gnolls
  2 shadow imps
  2 white imps
  An ufetubus (D:6)
  3 worms
  2 dart slugs
  13 orcs
  4 ball pythons
  3 bats
  6 endoplasms
  A giant cockroach (D:4)
  4 goblins
  4 hobgoblins
  20 kobolds
  3 quokkas
  2 frilled lizards
  A goblin zombie (Ossuary)
  4 kobold zombies (Ossuary)
  2 orc zombies (Ossuary)
  6 rats
  A rat zombie (Ossuary)
161 creatures vanquished.

Vanquished Creatures (collateral kills)
  A sky beast (D:7)
  A centaur (D:8)
  A kobold brigand (D:8)
  A howler monkey (D:8)
  An ufetubus (D:6)
  An orc (D:7)
  A kobold (D:8)
7 creatures vanquished.

Vanquished Creatures (others)
  A knight (D:8)
  2 ancestors (D:8)
3 creatures vanquished.

Grand Total: 171 creatures vanquished

Notes
Turn   | Place    | Note
-------+----------+-------------------------------------------
     0 | D:1      | night the Draconian Hexslinger began the quest for the Orb.
     0 | D:1      | Reached XP level 1. HP: 16/16 MP: 2/2
   286 | D:1      | Reached skill level 2 in Ranged Weapons
   370 | D:1      | Reached XP level 2. HP: 23/23 MP: 3/3
   771 | D:2      | Learned a level 2 spell: Jinxbite
  1019 | D:2      | Reached XP level 3. HP: 28/28 MP: 2/5
  1285 | D:2      | Found Zoxtizi's Antique Weapon Emporium.
  1511 | D:2      | Found a faded altar of an unknown god.
  1767 | D:3      | Reached skill level 3 in Ranged Weapons
  1905 | D:3      | Learned a level 3 spell: Sigil of Binding
  2153 | D:3      | Found a burning altar of Makhleb.
  2153 | D:3      | Noticed a blizzard demon
  2158 | D:3      | Noticed a neqoxec
  2158 | D:3      | Noticed a ynoxinul
  2262 | D:4      | Reached skill level 2 in Spellcasting
  2262 | D:4      | Reached XP level 4. HP: 35/35 MP: 3/7
  2345 | D:4      | Reached XP level 5. HP: 35/40 MP: 3/8
  2452 | D:4      | HP: 5/40 [iguana (5)]
  2646 | D:4      | Found a sand-covered staircase.
  2666 | Ossuary  | Entered an ossuary
  2700 | Ossuary  | Reached skill level 4 in Ranged Weapons
  2791 | Ossuary  | Reached XP level 6. HP: 28/47 MP: 5/10
  3235 | D:2      | Bought a runed shortbow for 162 gold pieces
  3300 | D:4      | Found an ornate altar of the Wu Jian Council.
  3696 | D:4      | Found a shadowy altar of Dithmenos.
  3925 | D:5      | Entered Level 5 of the Dungeon
  3996 | D:5      | Reached skill level 5 in Ranged Weapons
  3996 | D:5      | Your scales start taking on a glossy black colour.
  3996 | D:5      | Reached XP level 7. HP: 52/52 MP: 8/12
  3996 | D:5      | Gained mutation: You are resistant to electric shocks.
                  | (rElec) [Black Draconian growth]
  4144 | D:5      | Noticed Blork the orc
  4151 | D:5      | Killed Blork the orc
  4152 | D:5      | Reached skill level 6 in Ranged Weapons
  4330 | D:5      | Reached skill level 5 in Hexes
  4330 | D:5      | Reached XP level 8. HP: 59/59 MP: 12/14
  4519 | D:5      | Found a staircase to the Ecumenical Temple.
  4558 | Temple   | Entered the Ecumenical Temple
  4563 | Temple   | Became a worshipper of Hepliaklqana the Forgotten
  5031 | D:5      | Found a radiant altar of Vehumet.
  5283 | D:5      | Found a runed translucent door.
  5284 | D:5      | Noticed Crazy Yiuf
  5291 | D:5      | Killed Crazy Yiuf
  5371 | D:6      | Noticed Sigmund
  5496 | D:5      | Learned a level 3 spell: Confusing Touch
  5501 | D:5      | Learned a level 4 spell: Cause Fear
  5520 | D:6      | Found a large runed translucent door.
  5525 | D:6      | Reached skill level 7 in Ranged Weapons
  5546 | D:6      | Found a large runed translucent door.
  5657 | D:6      | Reached skill level 5 in Spellcasting
  5778 | D:6      | Killed Sigmund
  5829 | D:6      | Noticed Pikel
  5842 | D:6      | Killed Pikel
  5843 | D:6      | Reached skill level 8 in Ranged Weapons
  5843 | D:6      | Reached XP level 9. HP: 63/64 MP: 13/17
  5932 | D:6      | Reached * piety under Hepliaklqana
  5939 | D:6      | Found an opulent altar of Gozag.
  6025 | D:6      | Found a snail-covered altar of Cheibriados.
  6072 | D:6      | Found a stormy altar of Qazlal.
  6561 | D:6      | Found a sparkling altar of Nemelex Xobeh.
  6570 | D:6      | Reached skill level 2 in Fighting
  6577 | D:6      | Found a shimmering blue altar of Sif Muna.
  6693 | D:7      | Identified 2 scrolls of acquirement
  6695 | D:7      | Acquired 1067 gold pieces
  6696 | D:7      | Identified the "Kuhun" (You acquired it on level 7 of the
                  | Dungeon)
  6696 | D:7      | Acquired Xuasurph's Textbook on Kinetic Energy
  6805 | D:7      | Noticed Prince Ribbit
  6814 | D:7      | Reached skill level 9 in Ranged Weapons
  6821 | D:7      | Killed Prince Ribbit
  7587 | D:7      | Reached XP level 10. HP: 36/69 MP: 17/19
  7863 | D:8      | Found a glowing silver altar of Zin.
  7883 | D:8      | Reached ** piety under Hepliaklqana
  7884 | D:8      | Remembered your ancestor Taribatum as a knight
  7953 | D:8      | Noticed a catoblepas
  7958 | D:8      | Noticed a boulder beetle
  7974 | D:8      | HP: 7/71 [catoblepas (9)]
  7978 | D:8      | Mangled by a catoblepas

Illustrated notes

Levels and vault maps discovered:
D:1:      minmay_arrival_up_and_down, layout_loops_cross,
          chequers_serial_rivers_micro_e, minmay_bisected
D:2:      layout_loops_ring, chequers_ecumenical_altar_grove, serial_shops,
          shop, minmay_pentomino_x4
D:3:      layout_rooms, makhleb_altar_promises_db, serial_bayou,
          serial_bayou_pond_b, serial_bayou_lagoon_a, serial_bayou_ford_a,
          serial_bayou_pond_d
D:4:      layout_loops_ring, mainiacjoe_overflow_catwalk,
          mainiacjoe_overflow_alcove_4, mainiacjoe_ossuary_entry_dusty_tomb,
          minmay_starry_boxes
D:5:      layout_layer_cave, kennysheep_little_box,
          minmay_temple_entry_statues_fountains, uniq_crazy_yiuf_cottage,
          uniq_blork_the_orc
D:6:      layout_basic, jmf_multi_god_temple2, lemuel_tele_altar,
          grunt_qazlal_clouds, mainiacjoe_overflow_chevrons, grunt_ministairs_2,
          uniq_sigmund, uniq_pikel
D:7:      layout_loops_ring, uniq_prince_ribbit1
D:8:      minmay_the_grid_octo_triangle [minmay_the_grid_octo_odd_swirl,
          minmay_the_grid_octo_prize_star, minmay_the_grid_octo_fan_narrow],
          layout_basic, lemuel_coloured_pillars_altar, guppyfry_shop_venom
Temple:   compressed_dpeg_circular_temple

Skill      XL: |  1  2  3  4  5  6  7  8  9 10 |
---------------+-------------------------------+-----
Ranged Weapons | 2 3 4 5 6 8 9 |  9.8
Hexes          | 3 4 5 6 7 |  7.3
Spellcasting   | 2 3 4 5 6 |  6.7
Fighting       | 3 4 |  4.2
Dodging        | |  1.7
Fire Magic     | |  1.0

Action                     |  1- 3 |  4- 6 |  7- 9 | 10-12 || total
---------------------------+-------+-------+-------+-------++-------
   Fire: Sling             |   122 |   133 |       |       ||   255
         Shortbow          |       |    25 |   228 |       ||   253
         Orcbow            |       |       |    30 |    45 ||    75
   Cast: Jinxbite          |    12 |    22 |    43 |     5 ||    82
         Sigil of Binding  |       |     1 |     4 |     2 ||     7
         Cause Fear        |       |       |       |     1 ||     1
 Invoke: Ancestor Life: Kn |       |       |       |     1 ||     1
    Use: Scroll            |       |     9 |     3 |     1 ||    13
         Potion            |       |       |       |     3 ||     3
 Armour: Skin              |    26 |   117 |   100 |    38 ||   281
  Dodge: Dodged            |    33 |   131 |    73 |    15 ||   252

Table legend: (Time is in decaauts)
 A = Elapsed time spent in this place.
 B = Non-inter-level travel time spent in this place.
 C = Inter-level travel time spent in this place.
 D = Time resting spent in this place.
 E = Time spent auto-exploring this place.
 F = Levels seen in this place.
 G = Mean time per level.
                   A        B        C        D        E       F      G
               +--------+--------+--------+--------+--------+-----+--------+
         Total |   8071 |   7699 |    372 |    718 |   5608 |  10 |  807.1 |
       Dungeon |   7617 |   7250 |    367 |    613 |   5498 |   8 |  952.1 |
        Temple |     13 |      9 |      4 |      0 |      0 |   1 |   13.0 |
       Ossuary |    439 |    439 |      0 |    105 |    110 |   1 |  439.0 |
               +--------+--------+--------+--------+--------+-----+--------+

Top non-repeatable levels by time:
     D:5: 1577 daAuts
     D:4: 1188 daAuts
     D:6: 1113 daAuts
     D:7: 1003 daAuts
     D:2: 901 daAuts
     D:3: 769 daAuts
     D:1: 706 daAuts
 Ossuary: 439 daAuts
     D:8: 356 daAuts
  Temple: 13 daAuts
